 Dungeon Crawl Stone Soup version 0.29-a0-22-gbf593b16ee (webtiles) character file.

Game seed: 9318520138034857658

787 blank1 the Cudgeller (level 7, -9/66 HPs)
             Began as a Minotaur Fighter on Jan 30, 2022.
             Was an Initiate of Okawaru.
             Mangled by a two-headed ogre (13 damage)
             ... on level 5 of the Dungeon.
             The game lasted 00:07:16 (5524 turns).

blank1 the Cudgeller (Minotaur Fighter)             Turns: 5524, Time: 00:07:17

Health: -9/66      AC: 10    Str: 22    XL:     7   Next: 56%
Magic:  6/6        EV:  8    Int: 11    God:    Okawaru [......]
Gold:   231        SH:  8    Dex: 10    Spells: 6/6 levels left

rFire   . . .      SeeInvis .   a - +0 flail
rCold   . . .      Faith    .   l - +0 kite shield
rNeg    . . .      Spirit   .   b - +0 scale mail
rPois   .          Reflect  .   (helmet restricted)
rElec   .          Harm     .   (no cloak)
rCorr   .          Rampage  .   t - +2 pair of gloves
Will    .....                   (no boots)
Stlth   ..........              p - amulet of magic regeneration
HPRegen 0.21/turn               o - +6 ring of intelligence
MPRegen 0.50/turn               (no ring)

@: no status effects
A: horns 2, retaliatory headbutt
a: Renounce Religion


You were on level 5 of the Dungeon.
You worshipped Okawaru.
Okawaru was noncommittal.
You visited 1 branch of the dungeon, and saw 5 of its levels.

You collected 231 gold pieces.

Inventory:

Hand Weapons
 a - a +0 flail (weapon)
Missiles
 f - a throwing net (quivered)
Armour
 b - a +0 scale mail (worn)
 l - a +0 kite shield (worn)
 t - a +2 pair of gloves (worn)
Jewellery
 o - a +6 ring of intelligence (left hand)
 p - an amulet of magic regeneration (around neck)
Wands
 m - a wand of paralysis (11)
 r - a wand of acid (14)
 u - a wand of iceblast (11)
Scrolls
 h - 2 scrolls of vulnerability {unknown}
 i - a scroll of holy word {unknown}
 k - 2 scrolls of enchant weapon {unknown}
 n - a scroll of immolation {unknown}
 q - a scroll of amnesia {unknown}
 v - a scroll of acquirement {unknown}
Potions
 c - a potion of mutation
 d - 2 potions of might
 e - a potion of attraction
 g - a potion of heal wounds
 j - a potion of invisibility
 s - 3 potions of curing {unknown}


   Skills:
 + Level 7.4 Fighting
 + Level 7.4 Maces & Flails
 - Level 4.0 Armour
 - Level 2.0 Dodging
 - Level 4.0 Shields


You had 6 spell levels left.
You didn't know any spells.
Your spell library contained the following spells:

 Spells                   Type           Power      Damage    Failure   Level
 Freeze                   Ice            0%         1d3       95%         1
 Sting                    Tmut/Pois      0%         1d3       95%         1
 Poisonous Vapours        Pois/Air       0%         N/A       99%         2
 Sublimation of Blood     Necr           0%         N/A       99%         2
 Wereblood                Tmut           0%         N/A       99%         2
 Frozen Ramparts          Ice            0%         1d2       100%        3
 Hailstorm                Conj/Ice       0%         3d3       100%        4
 Olgreb's Toxic Radiance  Pois           0%         N/A       100%        4
 Orb of Destruction       Conj           0%         9d5       100%        7
 Summon Small Mammal      Summ           Unusable   N/A       N/A         1
 Call Canine Familiar     Summ           Unusable   N/A       N/A         3
 Summon Guardian Golem    Hex/Summ       Unusable   N/A       N/A         3
 Spellforged Servitor     Conj/Summ      Unusable   N/A       N/A         7
 Summon Hydra             Summ           Unusable   N/A       N/A         7

Dungeon Overview and Level Annotations

Branches:
Dungeon (5/15)
 Temple: D:4-7

Altars:
Ashenzari
Cheibriados
Fedhas
Hepliaklqana
Kikubaaqudgha
Okawaru
Ru
Sif Muna
Uskayaw
Wu Jian
Xom
Yredelemnul

Shops:
D:1 =   D:3 (


Innate Abilities, Weirdness & Mutations

You have a pair of horns on your head.
You reflexively headbutt those who attack you in melee.


Message History

Found a blossoming altar of Fedhas.
There is a snail-covered altar of Cheibriados here.
Found a hide-covered altar of Uskayaw.
Found 10 stones.
Found a shimmering altar of Xom.
There is a shimmering altar of Xom here.
v - a scroll labelled YWOTHR JUPS A two-headed ogre comes into view.
It is wielding a +0 giant spiked club and a +0 giant club.
The two-headed ogre shouts in stereo!
A two-headed ogre is nearby!
You sock the two-headed ogre! You headbutt the two-headed ogre!
The two-headed ogre is heavily wounded.
The two-headed ogre hits you with a +0 giant spiked club!!
The two-headed ogre completely misses you.
You hit the two-headed ogre but do no damage.
The two-headed ogre is heavily wounded.
You block the two-headed ogre's attack.
The two-headed ogre hits you with a +0 giant club!
You hit the two-headed ogre.
The two-headed ogre is heavily wounded.
The two-headed ogre barely misses you. You furiously retaliate!
You headbutt the two-headed ogre. You block the two-headed ogre's attack.
You barely miss the two-headed ogre.
The two-headed ogre is heavily wounded.
You block the two-headed ogre's attack. x2
You thump the two-headed ogre!
The two-headed ogre is severely wounded.
The two-headed ogre hits you with a +0 giant spiked club!
The two-headed ogre hits you but does no damage.
You hit the two-headed ogre.
The two-headed ogre is severely wounded.
The two-headed ogre barely misses you. You block the two-headed ogre's attack.
You barely miss the two-headed ogre.
The two-headed ogre is severely wounded.
The two-headed ogre closely misses you.
The two-headed ogre hits you with a +0 giant club!!
* * * LOW HITPOINT WARNING * * *
You hit the two-headed ogre. You headbutt the two-headed ogre.
The two-headed ogre is almost dead.
The two-headed ogre hits you with a +0 giant spiked club!
You die...

####### #......#
##.....###......#
##..._...##...##.#
#.._...⌠..#.......
#(...#....#...##.#
#._.###._.#......#
#...##....#.......
#...#.._..#...#...
#@..#....##...####
#O###._.###._.#
#.# #....#....#
#.# #..⌠..._..#
#.# ##..._...##
#.# ##.....## ..#
####### .##


You could see a two-headed ogre.

Vanquished Creatures
  A water moccasin (D:4)
  2 ogres
  2 phantoms (D:4)
  A water moccasin skeleton (D:4)
  A bullfrog skeleton (D:4)
  A gnoll shaman (D:5)
  An iguana (D:4)
  An orc wizard (D:4)
  A howler monkey zombie (D:5)
  5 gnolls
  7 adders
  2 worms
  3 dart slugs
  13 orcs
  6 bats
  4 endoplasms
  4 goblins
  8 hobgoblins
  2 jackals (D:3)
  12 ball pythons
  A frilled lizard (D:1)
  11 kobolds
  6 rats
95 creatures vanquished.

Notes
Turn   | Place    | Note
-------+----------+-------------------------------------------
     0 | D:1      | blank1 the Minotaur Fighter began the quest for the Orb.
     0 | D:1      | Reached XP level 1. HP: 19/19 MP: 0/0
   153 | D:1      | Reached XP level 2. HP: 27/27 MP: 1/1
   324 | D:1      | Reached skill level 1 in Dodging
   389 | D:1      | Found Vamou's Jewellery Shoppe.
   682 | D:1      | Reached XP level 3. HP: 28/33 MP: 2/2
   747 | D:1      | Found a faded altar of an unknown god.
  1649 | D:2      | Reached XP level 4. HP: 41/41 MP: 3/3
  2583 | D:3      | Noticed an ogre
  2592 | D:3      | Killed an ogre
  2593 | D:3      | Reached skill level 5 in Fighting
  2593 | D:3      | Reached XP level 5. HP: 39/48 MP: 4/4
  2944 | D:3      | Found Kitamown's Weapon Boutique.
  3008 | D:4      | Found an ornate altar of the Wu Jian Council.
  3419 | D:4      | Noticed a phantom
  3434 | D:4      | Killed a phantom
  3435 | D:4      | Reached skill level 5 in Maces & Flails
  3435 | D:4      | Reached XP level 6. HP: 20/57 MP: 5/5
  4281 | D:4      | Noticed a water moccasin
  4285 | D:4      | Killed a water moccasin
  4286 | D:4      | Reached XP level 7. HP: 51/64 MP: 6/6
  4657 | D:5      | Entered Level 5 of the Dungeon
  5438 | D:5      | Found a broken altar of Ashenzari.
  5438 | D:5      | Found an ancient bone altar of Kikubaaqudgha.
  5482 | D:5      | Found a basalt altar of Yredelemnul.
  5487 | D:5      | Found a shimmering blue altar of Sif Muna.
  5488 | D:5      | Found a sacrificial altar of Ru.
  5495 | D:5      | Found an iron altar of Okawaru.
  5497 | D:5      | Found a snail-covered altar of Cheibriados.
  5498 | D:5      | Found a hazy altar of Hepliaklqana.
  5500 | D:5      | Became a worshipper of Warmaster Okawaru
  5502 | D:5      | Found a blossoming altar of Fedhas.
  5505 | D:5      | Found a hide-covered altar of Uskayaw.
  5506 | D:5      | Found a shimmering altar of Xom.
  5513 | D:5      | Noticed a two-headed ogre
  5523 | D:5      | HP: 3/66 [two-headed ogre (19)]
  5524 | D:5      | Mangled by a two-headed ogre

Illustrated notes

Levels and vault maps discovered:
D:1:      dpeg_arrival_round_b, layout_loops_ring, serial_shops, shop,
          ebering_ecumenical_altar_abandoned
D:2:      layout_rooms
D:3:      layout_loops_ring, serial_shops, nicolae_shop_bloodbath_and_beyond
D:4:      layout_gridville, nicolae_wu_jian_glorious_leap,
          minmay_temple_entry_from_below_a
D:5:      layout_basic, nicolae_overflow_hallway_of_the_gods,
          gammafunk_temple_overflow_wave, corexii_checkpoint_b,
          lightli_church_of_beogh

Skill      XL: |  1  2  3  4  5  6  7 |
---------------+----------------------+-----
Dodging        | 1 2 |  2.0
Armour         | 4 |  4.0
Shields        | 4 |  4.0
Fighting       | 4 5 6 7 |  7.4
Maces & Flails | 3 4 5 6 7 |  7.4

Action                   |  1- 3 |  4- 6 |  7- 9 || total
-------------------------+-------+-------+-------++-------
Melee: Flail             |    93 |   146 |    52 ||   291
       Headbutt          |     6 |    19 |    11 ||    36
  Use: Scroll            |       |       |     4 ||     4
Armor: Scale mail        |    40 |    74 |    21 ||   135
Dodge: Dodged            |    43 |    51 |    23 ||   117
Block: Buckler           |    11 |       |       ||    11
       Kite shield       |     7 |    74 |    24 ||   105

Table legend: (Time is in decaauts)
 A = Elapsed time spent in this place.
 B = Non-inter-level travel time spent in this place.
 C = Inter-level travel time spent in this place.
 D = Time resting spent in this place.
 E = Time spent auto-exploring this place.
 F = Levels seen in this place.
 G = Mean time per level.
                   A        B        C        D        E       F      G
               +--------+--------+--------+--------+--------+-----+--------+
         Total |   5621 |   5369 |    252 |   1075 |   3448 |   5 | 1124.2 |
       Dungeon |   5621 |   5369 |    252 |   1075 |   3448 |   5 | 1124.2 |
               +--------+--------+--------+--------+--------+-----+--------+

Top non-repeatable levels by time:
     D:4: 1884 daAuts
     D:1: 1220 daAuts
     D:3: 972 daAuts
     D:2: 846 daAuts
     D:5: 697 daAuts
